 Dungeon Crawl Stone Soup version 0.30-a0-43-gbbf338a72c (webtiles) character file.

Game seed: 11778521331713058172

5 Nattfarinn the Stinger (level 1, -2/13 HPs)
             Began as a Demonspawn Venom Mage on Aug 31, 2022.
             Slain by a jackal (3 damage)
             ... on level 1 of the Dungeon.
             The game lasted 00:00:32 (79 turns).

Nattfarinn the Stinger (Demonspawn Venom Mage)        Turns: 79, Time: 00:00:32

Health: -2/13      AC:  2    Str:  8    XL:     1   Next: 66%
Magic:  3/3        EV: 12    Int: 16    God:
Gold:   0          SH:  0    Dex: 13    Spells: 3/4 levels left

rFire   . . .      SeeInvis .    (no weapon)
rCold   . . .      Faith    .    (no shield)
rNeg    . . .      Spirit   .    a - +0 robe
rPois   .          Reflect  .    (no helmet)
rElec   .          Harm     .    (no cloak)
rCorr   .          Rampage  .    (no gloves)
Will    .....                    (no boots)
Stlth   ++........               (no amulet)
HPRegen 0.04/turn                (no ring)
MPRegen 0.08/turn                (no ring)

@: no status effects
A: no striking features
a: no special abilities


You were on level 1 of the Dungeon.
You visited 1 branch of the dungeon, and saw 1 of its levels.

Inventory:

Armour
 a - a +0 robe (worn)


   Skills:
 - Level 1.7 Dodging
 - Level 1.7 Stealth
 - Level 2.0 Spellcasting
 - Level 0.8 Transmutations
 + Level 3.4 Poison Magic


You had 3 spell levels left.
You knew the following spells:

 Your Spells              Type           Power      Damage    Failure   Level
a - Sting                 Tmut/Pois      32%        1d4       9%          1

Your spell library contained the following spells:

 Spells                   Type           Power      Damage    Failure   Level
 Poisonous Vapours        Pois/Air       14%        N/A       16%         2
 Mephitic Cloud           Conj/Pois/Air  5%         N/A       36%         3
 Olgreb's Toxic Radiance  Pois           12%        N/A       45%         4


Dungeon Overview and Level Annotations

Branches:
Dungeon (1/15)

Altars:


Message History

The sting misses the jackal.
A jackal comes into view.
The jackal bites you.
You kill the jackal!
The sting hits the jackal but does no damage.
The jackal is poisoned.
The jackal barks!
The frilled lizard hisses angrily.
The jackal barely misses you. The jackal attacks as you move away!
The jackal barely misses you. The jackal closely misses you.
A jackal comes into view.
The jackal attacks as you move away! The jackal barely misses you.
The jackal bites you. The jackal closely misses you.
The jackal bites you but does no damage.
You kill the jackal!
You barely miss the jackal. The jackal misses you.
You hit the jackal but do no damage.
The jackal bites you but does no damage.
The jackal bites you.
The sting hits the jackal.
The jackal is poisoned.
The jackal is moderately wounded.
The jackal barely misses you. x2
An endoplasm comes into view.
The jackal attacks as you move away! The jackal bites you.
The jackal barely misses you. x2
The jackal attacks as you move away! The jackal barely misses you.
The jackal attacks as you move away! The jackal bites you.
The jackal attacks as you move away! The jackal bites you.
The jackal barely misses you. The jackal bites you.
* * * LOW HITPOINT WARNING * * *
You kill the jackal!
The jackal attacks as you move away! The jackal bites you.
* * * LOW HITPOINT WARNING * * *
The jackal bites you but does no damage.
You see here a bat corpse.
The jackal bites you but does no damage.
You aren't carrying any scrolls.
Magic courses through your body. The jackal bites you.
You die...

≈≈≈≈≈..<≈≈≈≈~~≈##########..J..
~~≈≈≈≈>..≈≈≈≈≈≈##............#
≈≈~≈≈≈~≈≈.≈≈≈≈≈##.............
≈≈≈~~~≈≈≈.≈≈≈≈≈#..............
≈≈≈≈≈≈≈≈≈.≈≈≈≈≈..#############
≈≈8≈≈≈≈≈.≈≈8≈≈≈.##
≈≈≈≈≈≈≈.≈≈≈≈≈≈†.#
#≈≈≈≈≈≈.≈≈≈≈≈#h##
##≈≈≈≈≈≈.≈≈≈.@.#
########....### ######


You could see a jackal.

Vanquished Creatures
  3 jackals (D:1)
  A bat (D:1)
  A rat (D:1)
5 creatures vanquished.

Notes
Turn   | Place    | Note
-------+----------+-------------------------------------------
     0 | D:1      | Nattfarinn the Demonspawn Venom Mage began the quest for
                  | the Orb.
     0 | D:1      | Reached XP level 1. HP: 13/13 MP: 3/3
    79 | D:1      | Slain by a jackal

Illustrated notes

Levels and vault maps discovered:
D:1:      nzn_arrival_water_spiral, layout_basic

Action                   || total
-------------------------++-------
Melee: Unarmed           ||     2
 Cast: Sting             ||     6
  Use: Potion            ||     1
Armor: Robe              ||     5
Dodge: Dodged            ||    12

Table legend: (Time is in decaauts)
 A = Elapsed time spent in this place.
 B = Non-inter-level travel time spent in this place.
 C = Inter-level travel time spent in this place.
 D = Time resting spent in this place.
 E = Time spent auto-exploring this place.
 F = Levels seen in this place.
 G = Mean time per level.
                   A        B        C        D        E       F      G
               +--------+--------+--------+--------+--------+-----+--------+
         Total |     79 |     79 |      0 |      0 |     42 |   1 |   79.0 |
       Dungeon |     79 |     79 |      0 |      0 |     42 |   1 |   79.0 |
               +--------+--------+--------+--------+--------+-----+--------+

Top non-repeatable levels by time:
     D:1: 79 daAuts
